 Dungeon Sprint DCSS version 0.29.1-2-gbd0b4ee654 (webtiles) character file.

Game seed: 316553727973539849

48920 Groucho the Hoplite (level 14, -6/154 HPs)
             Began as a Minotaur Fighter on Nov 17, 2022.
             Was the Champion of Qazlal.
             Killed by divine providence
             ... invoked by a white draconian stormcaller
              (12 damage)
             ... in the Dungeon (Sprint VII: "The Pits").
             The game lasted 00:19:29 (5190 turns).

Groucho the Hoplite (Minotaur Fighter)              Turns: 5190, Time: 00:19:29

Health: -6/154     AC: 38    Str: 22    XL:     14   Next: 14%
Magic:  20/26      EV:  8    Int:  5    God:    Qazlal [******]
Gold:   50         SH: 18    Dex: 14    Spells: 13/13 levels left

rFire   . . .      SeeInvis .   r - +4 war axe (vamp)
rCold   . . .      Faith    .   c - +0 buckler
rNeg    . . .      Spirit   .   k - +3 plate armour
rPois   .          Reflect  .   (helmet restricted)
rElec   .          Harm     .   F - +1 cloak
rCorr   .          Rampage  .   f - +1 pair of gloves
Will    +....      NoTele   +   E - +1 pair of boots
Stlth   ..........              (no amulet)
HPRegen 0.35/turn               d - +3 ring of protection
MPRegen 0.20/turn               b - +4 ring of slaying

@: protected from physical damage, repel missiles
A: horns 2, retaliatory headbutt
a: Renounce Religion, Upheaval, Elemental Force, Disaster Area


You were in the Dungeon.
You worshipped Qazlal.
Qazlal was exalted by your worship.
You visited 1 branch You collected 50 gold pieces.

Inventory:

Hand Weapons
 j - a +3 broad axe
 r - a +4 vampiric war axe (weapon)
 s - a +2 morningstar of protection
Missiles
 m - 10 stones (quivered)
Armour
 c - a +0 buckler (worn)
 f - a +1 pair of gloves (worn)
 k - a +3 plate armour (worn)
 E - a +1 pair of boots (worn)
 F - a +1 cloak (worn)
 G - +2 gold dragon scales
 H - a +6 chain mail
Jewellery
 b - a +4 ring of slaying (right hand)
 d - a +3 ring of protection (left hand)
 q - a +3 ring of protection
 y - a ring of ice
 D - a ring of poison resistance
Scrolls
 n - 5 scrolls of amnesia
 o - a scroll of summoning
 p - 2 scrolls of vulnerability
 x - 2 scrolls of identify
 z - a scroll of enchant weapon
 A - 2 scrolls of fog
 B - 4 scrolls of enchant armour
 C - a scroll of fear
Potions
 a - 2 potions of resistance
 e - 3 potions of curing
 g - 3 potions of haste
 h - 3 potions of magic
 i - 4 potions of berserk rage
 l - a potion of invisibility
 t - 7 potions of heal wounds
 u - a potion of might
 v - a potion of brilliance
 w - 2 potions of mutation


   Skills:
 + Level 22.1 Fighting
 - Level 18.0 Axes
 + Level 22.1 Armour
 + Level 22.1 Shields
 + Level 18.7 Invocations


You had 13 spell levels left.
You didn't know any spells.
Your spell library contained the following spells:

 Spells                   Type           Power      Damage    Failure   Level
 Freeze                   Ice            0%         1d3       97%         1
 Frozen Ramparts          Ice            0%         1d1       100%        3
 Hailstorm                Conj/Ice       0%         3d3       100%        4


Dungeon Overview and Level Annotations

Branches:
Dungeon (1/1)

Altars:
Ashenzari
Cheibriados
Dithmenos
Elyvilon
Fedhas
Gozag
Hepliaklqana
Kikubaaqudgha
Makhleb
Nemelex Xobeh
Okawaru
Qazlal
Ru
Sif Muna
Trog
Uskayaw
Vehumet
Wu Jian
Xom
Yredelemnul
Zin
The Shining One
Jiyva
Lugonu


Innate Abilities, Weirdness & Mutations

You have a pair of horns on your head.
You reflexively headbutt those who attack you in melee.


Message History

The nagaraja gestures at you while chanting.
The poison arrow hits you!!
You are poisoned.
* * * LOW HITPOINT WARNING * * *
Unknown command.
You hit the yellow draconian but do no damage.
You headbutt the yellow draconian, but do no damage.
The yellow draconian is heavily wounded.
You hit the red draconian but do no damage.
You hit the nagaraja.
You feel very sick.
The yellow draconian completely misses you.
The red draconian is engulfed in blazing flames.
You block the red draconian's attack. The red draconian breathes fire at you.
The searing blast hits you but does no damage.
The nagaraja hits you with a +0 halberd!!
* * * LOW HITPOINT WARNING * * *
You feel more protected from physical attacks.
You block the nagaraja's attack.
Unknown command.
You feel better. The nagaraja spits poison at you.
The splash of poison hits you but does no damage.
You are poisoned.
You block the red draconian's attack. x2
The yellow draconian hits you with a +0 halberd.
* * * LOW HITPOINT WARNING * * *
Unknown command.
You feel better.
The nagaraja is struck by lightning.
You kill the nagaraja!
Qazlal accepts your kill. The wind drake flaps its wings at you.
The air twists around and strikes you!
* * * LOW HITPOINT WARNING * * *
The naga mage casts a spell.
The naga mage seems to speed up.
The white draconian stormcaller invokes the aid of Qazlal against you.
Qazlal smites you!
You die...

)..#[[[[#[.#[[#..#
..[##''##[[#[[#..#
...#....#.....#..#
.###....####..#..#
)..........'..#).#
).......####..#..#
..####..#.....#○.#
..# #..#[[#[[#d.#
.## +..#.[#..#.@#
## ##########§d#
#de# #..kke#
..q{#Nq##


.VN ##. e. .. # ##. .. You could see a yellow draconian (catching breath), 2
draconians, a white draconian stormcaller, a deep elf annihilator, a deep elf
sorcerer, a wind drake (summoned, repels missiles), a naga mage (fast) and a
swamp drake (summoned).

Vanquished Creatures
  2 deep elf blademasters (D)
  2 nagarajas (D)
  Ilsuiw (D)
  A fire giant (D)
  A draconian scorcher (D)
  An emperor scorpion (D)
  2 orc warlords (D)
  A balrug (D)
  An angel (D)
  Nessos (D)
  A yellow draconian (D)
  2 eidola (D)
  2 deep elf death magi (D)
  A merfolk impaler (D)
  A yaktaur captain (D)
  2 vault guards (D)
  A catoblepas (D)
  3 naga warriors (D)
  A two-headed ogre (D)
  A death knight (D)
  3 hell hogs (D)
  A vampire mage (D)
  5 death yaks (D)
  An orc high priest (D)
  5 deep elf knights (D)
  A fire crab (D)
  A shadow wraith (D)
  A phantasmal warrior (D)
  11 orc knights (D)
  2 cyclopes (D)
  A large abomination (D)
  A manticore (D)
  An elephant (D)
  A black mamba (D)
  A merfolk siren (D)
  A smoke demon (D)
  A rime drake (D)
  5 yaktaurs (D)
  4 ice devils (D)
  2 freezing wraiths (D)
  3 merfolk (D)
  A wandering mushroom (D)
  2 polar bears (D)
  A wind drake (D)
  A tarantella (D)
  A blink frog (D)
  2 snapping turtles (D)
  2 hornets (D)
  5 dream sheep (D)
  2 jumping spiders (D)
  An air elemental (D)
  A wyvern (D)
  Sigmund (D)
  A ynoxinul (D)
  A spriggan (D)
  2 wraiths (D)
  Eustachio (D)
  A fire bat (D)
  4 yaks (D)
  A basilisk (D)
  A chaos spawn (D)
  A small abomination (D)
  A water moccasin (D)
  A sky beast (D)
  3 orc warriors (D)
  2 phantoms (D)
  A centaur (D)
  An ogre (D)
  A kobold brigand (D)
  A bullfrog (D)
  3 scorpions (D)
  3 killer bees (D)
  Crazy Yiuf (D)
  A gnoll bouda (D)
  2 orc priests (D)
  An iguana (D)
  3 orc wizards (D)
  A hell rat (D)
  3 gnolls (D)
  2 adders (D)
  3 river rats (D)
  An ufetubus (D)
  A worm (D)
  13 orcs (D)
  A ball python (D)
  A bat (D)
  A bat skeleton (D)
  2 bat zombies (D)
  7 jackals (D)
  A quokka (D)
  A ball python zombie (D)
  A frilled lizard (D)
  A rat (D)
178 creatures vanquished.

Vanquished Creatures (others)
  A ghost moth (D)
  A yaktaur (D)
2 creatures vanquished.

Grand Total: 180 creatures vanquished

Notes
Turn   | Place    | Note
-------+----------+-------------------------------------------
     0 | D        | Groucho the Minotaur Fighter began the quest for the Orb.
     0 | D        | Reached XP level 1. HP: 19/19 MP: 0/0
    48 | D        | Found a bloodstained altar of Trog.
    48 | D        | Found a shimmering blue altar of Sif Muna.
    48 | D        | Found a viscous altar of Jiyva.
    48 | D        | Found a hazy altar of Hepliaklqana.
    48 | D        | Found an opulent altar of Gozag.
    49 | D        | Found a glowing golden altar of the Shining One.
    49 | D        | Found a glowing silver altar of Zin.
    49 | D        | Found a basalt altar of Yredelemnul.
    49 | D        | Found a shimmering altar of Xom.
    49 | D        | Found an ornate altar of the Wu Jian Council.
    49 | D        | Found a sacrificial altar of Ru.
    49 | D        | Found a stormy altar of Qazlal.
    49 | D        | Found an iron altar of Okawaru.
    49 | D        | Found a sparkling altar of Nemelex Xobeh.
    49 | D        | Found a burning altar of Makhleb.
    49 | D        | Found a blossoming altar of Fedhas.
    49 | D        | Found a white marble altar of Elyvilon.
    49 | D        | Found a shadowy altar of Dithmenos.
    49 | D        | Found a snail-covered altar of Cheibriados.
    51 | D        | Found a radiant altar of Vehumet.
    51 | D        | Found a corrupted altar of Lugonu.
    52 | D        | Found a hide-covered altar of Uskayaw.
    52 | D        | Found an ancient bone altar of Kikubaaqudgha.
    52 | D        | Found a broken altar of Ashenzari.
    64 | D        | Became a worshipper of Qazlal Stormbringer
    76 | D        | Noticed a scorpion
    80 | D        | Reached skill level 1 in Invocations
    80 | D        | Reached XP level 2. HP: 25/27 MP: 0/2
    85 | D        | Killed a scorpion
    86 | D        | Reached skill level 5 in Fighting
    86 | D        | Reached skill level 5 in Armour
    86 | D        | Reached skill level 5 in Shields
    86 | D        | Reached XP level 3. HP: 21/36 MP: 0/4
    86 | D        | Reached XP level 4. HP: 24/42 MP: 0/5
   513 | D        | Reached * piety under Qazlal
   536 | D        | Reached ** piety under Qazlal
   537 | D        | Reached skill level 5 in Axes
   551 | D        | Reached *** piety under Qazlal
   553 | D        | Reached XP level 5. HP: 34/51 MP: 5/7
   557 | D        | Reached **** piety under Qazlal
   558 | D        | Reached skill level 5 in Invocations
   614 | D        | Noticed Crazy Yiuf
   615 | D        | Noticed a phantom
   634 | D        | Killed a phantom
   635 | D        | Reached XP level 6. HP: 32/61 MP: 3/9
   637 | D        | Killed Crazy Yiuf
  1020 | D        | Noticed an ice devil
  1035 | D        | Killed an ice devil
  1035 | D        | Reached ***** piety under Qazlal
  1036 | D        | Reached XP level 7. HP: 59/70 MP: 9/11
  1356 | D        | Noticed a phantasmal warrior
  1356 | D        | Noticed a wraith
  1361 | D        | Killed a wraith
  1362 | D        | Reached skill level 10 in Fighting
  1362 | D        | Reached skill level 10 in Armour
  1362 | D        | Reached skill level 10 in Shields
  1364 | D        | Reached XP level 8. HP: 65/79 MP: 2/12
  1379 | D        | Killed a phantasmal warrior
  1380 | D        | Reached skill level 10 in Axes
  1541 | D        | Noticed a black mamba
  1542 | D        | Killed a black mamba
  1545 | D        | Reached XP level 9. HP: 88/89 MP: 5/14
  1554 | D        | Reached ****** piety under Qazlal
  1888 | D        | Noticed Eustachio
  1890 | D        | Reached skill level 10 in Invocations
  1896 | D        | Killed Eustachio
  1900 | D        | Noticed a freezing wraith
  1910 | D        | Killed a freezing wraith
  1914 | D        | Noticed a polar bear
  1919 | D        | Killed a polar bear
  2223 | D        | Noticed a freezing wraith
  2224 | D        | Noticed a cyclops
  2234 | D        | Killed a freezing wraith
  2238 | D        | Reached XP level 10. HP: 101/101 MP: 16/16
  2239 | D        | Killed a cyclops
  2242 | D        | Noticed a smoke demon
  2243 | D        | Noticed a manticore
  2245 | D        | Noticed a cyclops
  2247 | D        | Killed a manticore
  2252 | D        | Killed a smoke demon
  2256 | D        | Killed a cyclops
  2268 | D        | Noticed an orc high priest
  2273 | D        | Noticed an orange demon
  2278 | D        | Killed an orc high priest
  2299 | D        | Noticed an eidolon
  2303 | D        | Killed a shadow wraith
  2309 | D        | Killed an eidolon
  2369 | D        | Noticed Sigmund
  2369 | D        | Noticed a vault guard
  2369 | D        | Noticed a death yak
  2401 | D        | Reached XP level 11. HP: 77/111 MP: 8/19
  2404 | D        | Killed a vault guard
  2405 | D        | Reached skill level 15 in Fighting
  2405 | D        | Reached skill level 15 in Armour
  2405 | D        | Reached skill level 15 in Shields
  2406 | D        | Reached skill level 15 in Axes
  2412 | D        | Killed Sigmund
  2413 | D        | Killed a death yak
  2785 | D        | Noticed a spriggan rider
  3287 | D        | Noticed an eidolon
  3302 | D        | Killed an eidolon
  3334 | D        | Noticed a balrug
  3342 | D        | Killed a balrug
  3517 | D        | Noticed a deep elf knight
  3517 | D        | Noticed a death knight
  3517 | D        | Noticed an orc knight
  3517 | D        | Noticed an orc knight
  3518 | D        | Noticed an orc warlord
  3518 | D        | Noticed an orc warlord
  3518 | D        | Noticed an orc knight
  3518 | D        | Noticed an orc knight
  3519 | D        | Noticed an orc knight
  3521 | D        | Noticed an orc knight
  3522 | D        | Noticed an orc knight
  3522 | D        | Noticed an orc knight
  3522 | D        | Killed a deep elf knight
  3526 | D        | Killed a death knight
  3526 | D        | Killed an orc knight
  3526 | D        | Killed an orc knight
  3526 | D        | Noticed a deep elf knight
  3527 | D        | Reached XP level 12. HP: 28/124 MP: 0/21
  3600 | D        | Killed a ghost moth
  3794 | D        | Noticed a naga warrior
  3820 | D        | Killed a naga warrior
  3840 | D        | Noticed a vault guard
  3840 | D        | Noticed a naga warrior
  3845 | D        | Noticed Ilsuiw
  3846 | D        | Killed a naga warrior
  3846 | D        | Noticed a merfolk impaler
  3848 | D        | Killed a vault guard
  3849 | D        | Reached skill level 15 in Invocations
  3908 | D        | Killed an orc warlord
  3913 | D        | Killed Ilsuiw
  3915 | D        | Killed a merfolk impaler
  4096 | D        | Killed an orc warlord
  4166 | D        | Reached XP level 13. HP: 120/137 MP: 23/23
  4711 | D        | Noticed a deep elf blademaster
  4736 | D        | Killed a deep elf blademaster
  4825 | D        | Found the +10 morningstar "Eos" {elec, Halo rElec}
  4825 | D        | Noticed an angel
  4825 | D        | Noticed a fire giant
  4825 | D        | Noticed a deep elf death mage
  4826 | D        | Killed a deep elf death mage
  4826 | D        | Killed a fire giant
  4836 | D        | Killed an angel
  4945 | D        | Noticed Nessos
  4952 | D        | Noticed an emperor scorpion
  4957 | D        | Noticed a deep elf blademaster
  4962 | D        | Killed Nessos
  4965 | D        | Noticed a nagaraja
  4974 | D        | Killed an emperor scorpion
  4985 | D        | Killed a deep elf blademaster
  5006 | D        | Killed a nagaraja
  5063 | D        | Reached XP level 14. HP: 152/152 MP: 20/26
  5165 | D        | Noticed a red draconian scorcher
  5165 | D        | Noticed a nagaraja
  5167 | D        | Noticed a deep elf sorcerer
  5175 | D        | Killed a red draconian scorcher
  5180 | D        | Noticed a white draconian stormcaller
  5188 | D        | HP: 4/154 [nagaraja/+0 halberd (21)]
  5190 | D        | Killed a nagaraja
  5190 | D        | Killed from afar by a white draconian stormcaller

Illustrated notes

Levels and vault maps discovered:
D:        pitsprint [storerooms_1, entrance_room_1, metal_vault_1, armoury_1,
          mini_pit_1, grid_room_1, main_hall_1, silver_pit, the_coven_3,
          the_vestibule_1, steel_vault_1, golden_pit, hallway_of_sentries,
          crystal_vault_3, iron_vault_2, final_vault]

Skill      XL: |  1  2  3  4  5  6  7  8  9 10 11 12 13 14 |
---------------+-------------------------------------------+-----
Fighting       | 4 5 6 8 9 10 11 13 14 16 19 21 22 | 22.1
Axes           | 3 4 5 7 8 9 11 12 14 16 18 | 18.0
Armour         | 4 5 6 8 9 10 11 13 14 16 19 21 22 | 22.1
Shields        | 4 5 6 8 9 10 11 13 14 16 19 21 22 | 22.1
Invocations    | 1 3 4 5 7 9 10 12 14 15 18 | 18.7

Action                   |  1- 3 |  4- 6 |  7- 9 | 10-12 | 13-15 || total
-------------------------+-------+-------+-------+-------+-------++-------
Melee: War axe           |     7 |       |    60 |   196 |   162 ||   425
       Hand axe          |     7 |    64 |    15 |       |       ||    86
       Headbutt          |     2 |    14 |    13 |    61 |    37 ||   127
Invok: Upheaval          |       |     5 |     8 |       |     9 ||    22
       Disaster Area     |       |       |     1 |     9 |     1 ||    11
  Use: Potion            |     1 |     7 |     2 |     2 |     6 ||    18
       Scroll            |       |       |       |     2 |     2 ||     4
 Stab: Invisible         |       |     1 |       |       |       ||     1
Armor: Scale mail        |     5 |    24 |     2 |       |       ||    31
       Plate armour      |       |       |    32 |    66 |    98 ||   196
Dodge: Dodged            |     5 |    17 |    18 |    30 |    33 ||   103
       Repelled          |       |       |       |     3 |     3 ||     6
Block: Buckler           |     6 |    21 |    60 |   146 |   155 ||   388
